 Dungeon Crawl Stone Soup version 0.29-a0-598-gd8304a5bf4 (webtiles) character file.

Game seed: 16053571401387315341

104486 dolemite99 the Spry (level 16, -8/45 (108) HPs)
             Began as a Merfolk Fighter on June 16, 2022.
             Was a Believer of Jiyva.
             Killed from afar by a vampire mage (21 damage)
             ... with a bolt of negative energy
             ... on level 3 of the Abyss.
             The game lasted 00:59:43 (26442 turns).

dolemite99 the Spry (Merfolk Fighter)              Turns: 26442, Time: 00:59:43

HP:   -8/45 (108)   AC: 25    Str: 22    XL:     16   Next: 38%
MP:   30/30         EV: 25    Int: 15    God:    Jiyva [**....]
Gold: 159           SH:  5    Dex: 15    Spells: 14/27 levels left

rFire   . . .      SeeInvis .   a - +3 trident (flame)
rCold   . . .      Faith    .   I - +0 buckler
rNeg    . . .      Spirit   .   C - +6 ring mail "Feasawk" {Int+4}
rPois   +          Reflect  .   B - +2 helmet {Int+3}
rElec   .          Harm     .   o - +1 cloak {rPois}
rCorr   +          Rampage  .   (no gloves)
Will    +....                   q - +1 pair of boots
Stlth   +.........              (no amulet)
HPRegen 0.96/turn               c - +4 ring of protection {=R}
MPRegen 0.52/turn               g - +4 ring of evasion

@: sick, extremely drained
A: (nimble swimmer 2), mertail, iridescent scales 2, high MP 2, mutation
resistance 1, strong 2, acidic bite, pseudopods 2, jelly sensing items, sturdy
frame 2, [clumsy 2], [frail 2], [subdued magic 2]
a: Renounce Religion


You were on level 3 of the Abyss.
You worshipped Jiyva.
Jiyva was pleased with you.
You visited 3 branches of the dungeon, and saw 22 of its levels.
You visited the Abyss 1 time.

You collected 1245 gold pieces.
You spent 1086 gold pieces at shops.

Inventory:

Hand Weapons
 a - a +3 trident of flaming (weapon)
 d - a +0 war axe
 e - a +2 dagger of venom
 j - the +4 mace of the Nine Places {flame, rElec rPois Will+ Str-5}
   (You found it on level 3 of the Lair of Beasts)

   It burns those it strikes, dealing additional fire damage.
   Str:       It affects your strength (-5).
   rElec:     It insulates you from electricity.
   rPois:     It protects you from poison.
   Will:      It increases your willpower.
 l - a +1 flail of protection
 u - a +2 trident
 z - a +0 club
Armour
 o - a +1 cloak of poison resistance (worn)
 q - a +1 pair of boots (worn)
 t - +0 swamp dragon scales
 A - the +0 cloak of Beloved Curiosity {rC+}
   (You found it on level 11 of the Dungeon)

   rC:        It protects you from cold.
 B - a +2 helmet of intelligence (worn)
 C - the +6 ring mail "Feasawk" (worn) {Int+4}
   (You bought it in a shop on level 1 of the Dungeon)

   Int:       It affects your intelligence (+4).
 I - a +0 buckler (worn)
Jewellery
 c - a +4 ring of protection (left hand) {=R}
 g - a +4 ring of evasion (right hand)
 k - a ring of protection from cold
 m - a ring of magical power
 J - a ring of flight
Wands
 F - a wand of mindburst (4)
Scrolls
 r - 2 scrolls of teleportation
 v - a scroll of brand weapon {unknown}
 y - a scroll of noise {unknown}
 E - a scroll of vulnerability
 G - 3 scrolls of amnesia
 K - a scroll of silence
Potions
 b - 3 potions of flight
 f - 2 potions of invisibility {unknown}
 h - a potion of haste
 i - 6 potions of curing
 n - 3 potions of brilliance
 p - 2 potions of lignification {unknown}
 s - 3 potions of magic
 w - 2 potions of might
 x - a potion of mutation {unknown}
 D - a potion of cancellation {unknown}


   Skills:
 - Level 15.5 Fighting
 - Level 16.3 Polearms
 - Level 5.8 Armour
 - Level 17.8 Dodging
 - Level 3.0 Shields
 - Level 6.3 Spellcasting
 + Level 9.1 Summonings
 - Level 6.8 Air Magic
 + Level 9.4 Poison Magic


You had 14 spell levels left.
You knew the following spells:

 Your Spells              Type           Power      Damage    Failure   Level
a - Olgreb's Toxic Radia  Pois           20%        N/A       2%          4
b - Summon Lightning Spi  Summ/Air       17%        N/A       4%          4
c - Mephitic Cloud        Conj/Pois/Air  13%        N/A       3%          3
d - Blink                 Tloc           4%         N/A       22%         2

Your spell library contained the following spells:

 Spells                   Type           Power      Damage    Failure   Level
 Sting                    Tmut/Pois      44%        1d5       1%          1
 Call Imp                 Summ           20%        N/A       1%          2
 Poisonous Vapours        Pois/Air       36%        N/A       1%          2
 Call Canine Familiar     Summ           20%        N/A       1%          3
 Spider Form              Tmut/Pois      11%        N/A       5%          3
 Airstrike                Air            7%         N/A       8%          4
 Magic Dart               Conj           8%         1d3       14%         1
 Corpse Rot               Necr/Pois/Air  13%        N/A       16%         4
 Ensorcelled Hibernation  Hex/Ice        4%         N/A       22%         2
 Portal Projectile        Hex/Tloc       4%         N/A       43%         3
 Lightning Bolt           Conj/Air       4%         1d16      73%         5
 Anguish                  Hex/Necr       1%         N/A       85%         4
 Dispel Undead            Necr           2%         3d7       85%         4
 Leda's Liquefaction      Hex/Erth       1%         N/A       85%         4
 Manifold Assault         Tloc           2%         N/A       99%         5
 Death Channel            Necr           1%         N/A       100%        6
 Enfeeble                 Hex            1%         N/A       100%        7
 Storm Form               Tmut/Air       4%         N/A       100%        7


Dungeon Overview and Level Annotations

Branches:
Dungeon (15/15)            Temple (0/1) D:5            Lair (6/6) D:11
 Shoals (0/4) Lair:2        Snake (1/4) Lair:2        Slime (0/5) Lair:5
    Orc (0/2) D:9          Vaults (0/5) D:14         Depths (0/4) D:15

Altars:
Ashenzari
Elyvilon
Hepliaklqana
Kikubaaqudgha
Okawaru
Trog
Wu Jian
Xom
Jiyva

Shops:
D:1 ([[*   D:8 =   D:9 [   D:12 *

Annotations:
D:12 1 runed translucent door
D:15 2 runed translucent doors, Cyetsa's ghost, adept FoFi
Lair:4 exclusion: oklob plant
Snake:1 Louise


Innate Abilities, Weirdness & Mutations

((You are very nimble when in or above water. (Stealth+, EV+, Speed+++)))
Your lower body shifts to a powerful aquatic tail in water.
You are mostly covered in iridescent scales. (AC +4)
You have a considerably increased reservoir of magic. (+20% MP)
You are somewhat resistant to further mutation.
Your muscles are very strong. (Str +4)
You have acidic saliva.
Armour fits poorly on your large pseudopods.
You have a small jelly attached to you that senses nearby items.
Your movements are less encumbered by armour. (ER -4)
[You are very clumsy. (Dex -4)]
[You are very frail. (-20% HP)]
[Your spells are easier to cast, but less powerful.]


Message History

You hit the swamp drake. You burn the swamp drake.
Your bludgeon misses the swamp drake.
The swamp drake is lightly wounded.
The swamp drake breathes poison at you. The noxious blast misses you.
The rakshasa blinks!
The small abomination misses you.
The +1 short sword of draining hits you but does no damage.
You feel drained. The worldbinder closely misses you.
The worldbinder misses you.
You closely miss the swamp drake.
The swamp drake is lightly wounded.
The +1 short sword of draining hits you but does no damage.
You feel drained.
The small abomination hits you but does no damage.
The worldbinder closely misses you. You block the worldbinder's attack.
The wretched star pulses with an eldritch light!
Okay, then.
You feel better.
The +1 short sword of draining closely misses you.
The swamp drake bites you but does no damage.
You feel ill. The small abomination hits you! The worldbinder misses you.
The worldbinder closely misses you.
The +1 short sword of draining misses you.
There are monsters nearby!
The worldbinder attacks as you move away!
The worldbinder hits you but does no damage.
The worldbinder closely misses you.
A vampire mage comes into view.
The iron imp shouts!
The thrashing horror roars!
The swamp drake bites you.
* * * LOW HITPOINT WARNING * * *
A jiangshi comes into view.
A wizard comes into view. It is wielding a +0 dagger.
A jiangshi comes into view.
The small abomination closely misses you.
The swamp drake attacks as you move away!
The swamp drake completely misses you.
The vampire mage points at you and mumbles some strange words.
The bolt of negative energy hits you!!
You feel drained.
You die...

##.### ...#§.. #...
#..§X§ .... #.V...
..... # ..... 5§..
p.####..##§.##..
#V........§....
#V...@§x.... .
.#.##.k##..# ..
#.###x(##..##. ..
#.#k2x.*......
.#..#...*X........
.......##*k##..#∩..
.##...##.x##..##..
#.R.#..§........
##. .§x.... ...


You could see 2 wretched stars, a rakshasa, 2 jiangshi, a vampire mage, an
ancient zyme, a thrashing horror, a large abomination, a worldbinder, a hellion,
3 swamp drakes, 2 small abominations, an iron imp and a +1 short sword of
draining.

Vanquished Creatures
  Aizul (Snake:1)
  Donald (Snake:1)
  Snorg (Lair:5)
  A fire dragon (D:15)
  Josephine (Lair:6)
  2 boulder beetles (D:14)
  A rakshasa (D:15)
  An ogre mage (D:12)
  2 catoblepae
  12 hydras
  5 centaur warriors
  An anaconda (Snake:1)
  13 two-headed ogres
  8 death yaks
  Lodul (D:10)
  A fire crab (shapeshifter) (D:13)
  8 skeletal warriors
  A sixfirhy (Abyss:3)
  2 goliath frogs (Lair:5)
  A swamp dragon (Lair:5)
  A lindwurm (Lair:5)
  An orc knight (D:15)
  2 deep elf pyromancers
  2 necromancers (D:14)
  3 cyclopes
  2 wolf spiders
  21 ugly things
  2 manticores (D:12)
  14 elephants
  4 black mambas
  Maggie (D:7)
  2 unseen horrors
  34 cane toads
  10 komodo dragons
  4 yaktaurs (D:15)
  3 rime drakes
  A gargoyle (D:14)
  An efreet (D:15)
  A tengu conjurer (D:9)
  2 kobold demonologists
  A freezing wraith (D:14)
  A queen bee (shapeshifter) (D:14)
  2 polar bears
  2 merfolk (Lair:2)
  6 trolls
  Grinder (D:3)
  3 tyrant leeches (Lair:6)
  2 ancient zymes (Abyss:3)
  A nameless horror (D:14)
  39 blink frogs
  6 wyverns
  38 yaks
  7 wraiths
  2 humans (D:10)
  3 steam dragons
  3 basilisks
  15 vampire mosquitoes
  3 swamp worms (Lair:5)
  4 nagas
  3 acid dragons
  9 water moccasins
  2 ice beasts
  5 orc warriors
  2 black bears
  15 centaurs (D:13)
  6 wolves (Lair:1)
  11 ogres
  A kobold brigand (D:9)
  Blork the orc (D:4)
  15 bullfrogs
  A necrophage (D:5)
  2 gnoll sergeants (D:9)
  3 scorpions
  4 wights (D:8)
  5 killer bees (D:10)
  6 electric eels
  4 howler monkeys
  7 orc priests
  2 gnoll shamans
  4 hounds
  Terence (D:3)
  An iguana (D:6)
  11 orc wizards
  Robin (D:4)
  14 gnolls
  6 adders
  A shadow imp (D:7)
  3 white imps
  2 ufetubi
  2 worms
  34 orcs
  8 ball pythons
  2 endoplasms (D:1)
  A giant cockroach (D:2)
  11 goblins
  12 hobgoblins
  8 kobolds
  4 quokkas
  5 bats
  4 frilled lizards
  6 rats
559 creatures vanquished.

Vanquished Creatures (collateral kills)
  Frances (Lair:2)
  A naga warrior (Snake:1)
  A skeletal warrior (D:14)
  A necromancer (D:14)
  3 ugly things (D:15)
  A black mamba (Snake:1)
  A neqoxec (Abyss:3)
  A naga (Snake:1)
  An orc warrior (D:15)
  A nameless horror (D:15)
  An orc wizard (D:15)
  An orc (D:15)
14 creatures vanquished.

Vanquished Creatures (others)
  A great orb of eyes (shapeshifter) (Abyss:3)
  An ice dragon (shapeshifter) (Abyss:3)
  A shock serpent (shapeshifter) (D:15)
  A glowing orange brain (D:15)
  A mana viper (Snake:1)
  A guardian serpent (shapeshifter) (Abyss:3)
  6 slime creatures
  A troll (D:12)
  Sigmund (D:3)
  2 starcursed masses (Abyss:3)
  2 wraiths
  A yak (D:8)
  A vampire mosquito (Lair:5)
  A water moccasin (Lair:5)
  A black bear (Lair:2)
  2 centaurs (D:13)
  A kobold brigand (D:8)
  3 bullfrogs
  A scorpion (D:5)
  108 jellies
  2 howler monkeys
  2 hounds
  An orc priest (D:7)
  6 orc wizards
  A gnoll (D:9)
  An ufetubus (D:6)
  19 orcs
  An endoplasm (D:2)
  A giant cockroach (D:3)
  A hobgoblin (D:3)
  A quokka (D:2)
  A frilled lizard (D:3)
  5 kobolds
  4 rats
  73 fungi
  177 plants
433 creatures vanquished.

Grand Total: 1006 creatures vanquished

Notes
Turn   | Place    | Note
-------+----------+-------------------------------------------
     0 | D:1      | dolemite99 the Merfolk Fighter began the quest for the Orb.
     0 | D:1      | Reached XP level 1. HP: 18/18 MP: 1/1
    14 | D:1      | Found Seofar's Antique Armour Emporium.
   224 | D:1      | Found Jeuck's General Store.
   245 | D:1      | Found Ykumm's Armour Shop.
   445 | D:1      | Reached XP level 2. HP: 6/24 MP: 2/2
   712 | D:1      | Found Xukawodwug's Weapon Boutique.
   890 | D:1      | Bought a potion of heal wounds for 55 gold pieces
  1024 | D:1      | Found a faded altar of an unknown god.
  1036 | D:1      | Prayed at the altar of an unknown god.
  1036 | D:1      | Became a worshipper of Jiyva Jaeromye the Shapeless
  1036 | D:1      | Reached * piety under Jiyva
  1201 | D:2      | Reached XP level 3. HP: 29/29 MP: 3/3
  1219 | D:2      | Reached skill level 5 in Polearms
  1335 | D:2      | Reached XP level 4. HP: 35/35 MP: 4/4
  1686 | D:3      | Noticed an ogre
  1693 | D:3      | Killed an ogre
  1694 | D:3      | Reached XP level 5. HP: 28/41 MP: 5/5
  1735 | D:3      | Reached ** piety under Jiyva
  2158 | D:3      | Noticed Sigmund
  2158 | D:3      | Killed Sigmund
  2230 | D:3      | Reached XP level 6. HP: 38/47 MP: 6/6
  2682 | D:3      | Noticed Grinder
  2683 | D:3      | Paralysed by Grinder for 4 turns
  2689 | D:3      | Killed Grinder
  2789 | D:3      | Noticed Terence
  2799 | D:3      | Killed Terence
  3131 | D:4      | Reached *** piety under Jiyva
  3408 | D:4      | Gained mutation: Your system is resistant to poisons.
                  | (rPois) [Jiyva's grace]
  3408 | D:4      | Gained mutation: Your rubbery body absorbs attacks. (AC +1,
                  | EV +1) [Jiyva's grace]
  3408 | D:4      | Gained mutation: Your pliable body absorbs attacks. (AC +2,
                  | EV +2) [Jiyva's grace]
  3408 | D:4      | Gained mutation: Your gelatinous body deflects attacks. (AC
                  | +3, EV +3) [Jiyva's grace]
  3533 | D:4      | Reached XP level 7. HP: 52/52 MP: 7/7
  3568 | D:4      | Noticed Robin
  3599 | D:4      | Killed Robin
  3700 | D:4      | Reached **** piety under Jiyva
  3752 | D:4      | Noticed Blork the orc
  3765 | D:4      | Killed Blork the orc
  3766 | D:4      | Reached skill level 10 in Polearms
  4154 | D:5      | Entered Level 5 of the Dungeon
  4322 | D:5      | Found a hazy altar of Hepliaklqana.
  4438 | D:5      | Found a staircase to the Ecumenical Temple.
  4441 | D:5      | Reached ***** piety under Jiyva
  5017 | D:1      | Bought a scroll of identify for 22 gold pieces
  5139 | D:6      | Reached XP level 8. HP: 58/58 MP: 8/8
  5180 | D:6      | Lost mutation: Your system is resistant to poisons. (rPois)
                  | [Jiyva's grace]
  5180 | D:6      | Lost mutation: Your gelatinous body deflects attacks. (AC
                  | +3, EV +3) [Jiyva's grace]
  5180 | D:6      | Gained mutation: You are covered in slimy tendrils that may
                  | disarm your opponents. [Jiyva's grace]
  5180 | D:6      | Gained mutation: You have sharp fingernails. [Jiyva's
                  | grace]
  5180 | D:6      | Gained mutation: You have very sharp fingernails. [Jiyva's
                  | grace]
  5180 | D:6      | Gained mutation: You have claws for hands. [Jiyva's grace]
  5186 | D:6      | Noticed a yak
  5187 | D:6      | Noticed a yak
  5299 | D:6      | Noticed a yak
  5299 | D:6      | Noticed a yak
  5314 | D:6      | Noticed a yak
  5339 | D:6      | Killed a yak
  5339 | D:6      | Killed a yak
  5341 | D:6      | Killed a yak
  5345 | D:6      | Killed a yak
  5358 | D:6      | Noticed a yak
  5376 | D:6      | Killed a yak
  5377 | D:6      | Reached XP level 9. HP: 58/64 MP: 7/9
  5560 | D:6      | Found a shimmering altar of Xom.
  5593 | D:6      | Found a white marble altar of Elyvilon.
  5605 | D:6      | Reached skill level 15 in Polearms
  5976 | D:7      | Found an ornate altar of the Wu Jian Council.
  5986 | D:7      | Noticed Maggie
  6009 | D:7      | Killed Maggie
  6549 | D:7      | Reached skill level 1 in Dodging
  6795 | D:8      | Reached skill level 2 in Dodging
  6854 | D:8      | Reached skill level 3 in Dodging
  6859 | D:8      | Reached skill level 5 in Fighting
  6859 | D:8      | Reached skill level 4 in Dodging
  6863 | D:8      | Reached XP level 10. HP: 58/74 MP: 10/10
  6874 | D:8      | Reached skill level 5 in Dodging
  6920 | D:8      | Found Nenwisao's Jewellery Shop.
  6924 | D:8      | Lost mutation: Your pliable body absorbs attacks. (AC +2,
                  | EV +2) [Jiyva's grace]
  6924 | D:8      | Gained mutation: You are partially covered in iridescent
                  | scales. (AC +2) [Jiyva's grace]
  6924 | D:8      | Gained mutation: You are mostly covered in iridescent
                  | scales. (AC +4) [Jiyva's grace]
  6924 | D:8      | Gained mutation: You are completely covered in iridescent
                  | scales. (AC +6) [Jiyva's grace]
  6924 | D:8      | Gained mutation: Your translucent skin slightly reduces
                  | your foes' accuracy. (Stealth+) [Jiyva's grace]
  6973 | D:8      | Reached skill level 6 in Dodging
  6986 | D:8      | Noticed a two-headed ogre
  7407 | D:8      | Killed a two-headed ogre
  7408 | D:8      | Reached skill level 7 in Dodging
  7990 | D:9      | Found Jiutseb's Antique Armour Shop.
  8070 | D:9      | Noticed a white ugly thing
  8089 | D:9      | Killed a white ugly thing
  8090 | D:9      | Reached skill level 8 in Dodging
  8435 | D:9      | Found a staircase to the Orcish Mines.
  8518 | D:9      | Noticed a two-headed ogre
  8534 | D:9      | Killed a two-headed ogre
  8535 | D:9      | Reached skill level 9 in Dodging
  8602 | D:9      | Reached XP level 11. HP: 87/87 MP: 11/11
  8621 | D:9      | Noticed a two-headed ogre
  8623 | D:9      | Noticed a cyclops
  8629 | D:9      | Killed a two-headed ogre
  8630 | D:9      | Reached skill level 10 in Dodging
  8648 | D:9      | Killed a cyclops
  8935 | D:10     | Entered Level 10 of the Dungeon
  8959 | D:10     | Noticed a two-headed ogre
  8982 | D:10     | Killed a two-headed ogre
  8983 | D:10     | Reached skill level 10 in Fighting
  8983 | D:10     | Reached skill level 11 in Dodging
  9055 | D:10     | Found an iron altar of Okawaru.
  9367 | D:10     | Noticed a two-headed ogre
  9378 | D:10     | Killed a two-headed ogre
  9379 | D:10     | Reached skill level 12 in Dodging
  9468 | D:10     | Lost mutation: You have claws for hands. [Jiyva's grace]
  9468 | D:10     | Lost mutation: You have very sharp fingernails. [Jiyva's
                  | grace]
  9468 | D:10     | Lost mutation: You are completely covered in iridescent
                  | scales. (AC +6) [Jiyva's grace]
  9468 | D:10     | Gained mutation: Your system is resistant to poisons.
                  | (rPois) [Jiyva's grace]
  9468 | D:10     | Gained mutation: Your body has grown eyes which may confuse
                  | attackers. (Acc +3) [Jiyva's grace]
  9468 | D:10     | Gained mutation: Your body has grown many eyes which may
                  | confuse attackers. (Acc +5) [Jiyva's grace]
  9468 | D:10     | Gained mutation: Your body is covered in eyes which may
                  | confuse attackers. (Acc +7, SInv) [Jiyva's grace]
  9502 | D:10     | Found a bloodstained altar of Trog.
  9502 | D:10     | Found a broken altar of Ashenzari.
  9503 | D:10     | Found an ancient bone altar of Kikubaaqudgha.
  9769 | D:11     | Noticed a skeletal warrior
  9787 | D:11     | Noticed a skeletal warrior
  9788 | D:11     | Noticed a skeletal warrior
  9853 | D:11     | Noticed Lodul
  9873 | D:10     | Killed Lodul
 10260 | D:11     | Identified the +0 cloak of Beloved Curiosity {rC+}
 10270 | D:11     | Noticed a skeletal warrior
 10270 | D:11     | Noticed a skeletal warrior
 10322 | D:11     | Reached XP level 12. HP: 100/100 MP: 12/12
 10328 | D:11     | Noticed a two-headed ogre
 10340 | D:11     | Killed a two-headed ogre
 10341 | D:11     | Reached skill level 13 in Dodging
 10684 | D:11     | Noticed a two-headed ogre
 10848 | D:11     | Killed a two-headed ogre
 10983 | D:11     | Reached skill level 14 in Dodging
 10995 | D:11     | Found the +7 Kryia's mail coat {PotionHeal*2 rC+}
 11451 | D:11     | Found a staircase to the Lair.
 11726 | D:1      | Bought a +1 helmet of intelligence for 165 gold pieces
 11738 | D:1      | Bought the +6 ring mail "Feasawk" {Int+4} for 494 gold
                  | pieces
 12055 | D:12     | Noticed a two-headed ogre
 12067 | D:12     | Killed a two-headed ogre
 12109 | D:12     | Found a runed translucent door.
 12110 | D:12     | Noticed a boulder beetle
 12110 | D:12     | Noticed a two-headed ogre
 12111 | D:12     | Noticed a fire dragon
 12113 | D:12     | Noticed a deep elf annihilator
 12175 | D:12     | Noticed an ogre mage
 12176 | D:12     | Noticed a two-headed ogre
 12184 | D:12     | Noticed a two-headed ogre
 12278 | D:12     | Noticed a two-headed ogre
 12351 | D:12     | Noticed a two-headed ogre
 12363 | D:12     | Killed a two-headed ogre
 12374 | D:12     | Killed a two-headed ogre
 12385 | D:12     | Killed a two-headed ogre
 12393 | D:12     | Killed an ogre mage
 12394 | D:12     | Reached skill level 5 in Armour
 12452 | D:12     | Noticed an eight-headed hydra
 12464 | D:12     | Killed an eight-headed hydra
 12465 | D:12     | Reached XP level 13. HP: 78/109 MP: 11/13
 12625 | D:12     | Learned a level 2 spell: Poisonous Vapours
 12682 | D:12     | Found Woenkoth's General Store.
 12690 | D:12     | Bought a scroll of identify for 28 gold pieces
 12961 | D:12     | Lost mutation: Your system is resistant to poisons. (rPois)
                  | [Jiyva's grace]
 12961 | D:12     | Lost mutation: Your body is covered in eyes which may
                  | confuse attackers. (Acc +7, SInv) [Jiyva's grace]
 12961 | D:12     | Lost mutation: Your rubbery body absorbs attacks. (AC +1,
                  | EV +1) [Jiyva's grace]
 12961 | D:12     | Lost mutation: You are covered in slimy tendrils that may
                  | disarm your opponents. [Jiyva's grace]
 12961 | D:12     | Gained mutation: Your movements are slightly less
                  | encumbered by armour. (ER -2) [Jiyva's grace]
 12961 | D:12     | Gained mutation: Your movements are less encumbered by
                  | armour. (ER -4) [Jiyva's grace]
 12961 | D:12     | Gained mutation: Your movements are significantly less
                  | encumbered by armour. (ER -6) [Jiyva's grace]
 12961 | D:12     | Gained mutation: You passively dampen the noise of your
                  | surroundings. [Jiyva's grace]
 13267 | D:12     | Reached skill level 1 in Spellcasting
 14445 | D:13     | Reached skill level 5 in Spellcasting
 15075 | Lair:1   | Entered Level 1 of the Lair of Beasts
 15159 | Lair:1   | You fall into a shaft and drop 1 floor!
 15177 | Lair:2   | Reached skill level 1 in Poison Magic
 15380 | Lair:1   | Reached skill level 5 in Poison Magic
 15679 | Lair:1   | Lost mutation: Your movements are significantly less
                  | encumbered by armour. (ER -6) [Jiyva's grace]
 15679 | Lair:1   | Gained mutation: You have a small jelly attached to you
                  | that may absorb projectiles. [Jiyva's grace]
 15679 | Lair:1   | Gained mutation: You have an increased reservoir of magic.
                  | (+10% MP) [Jiyva's grace]
 15679 | Lair:1   | Gained mutation: You have a considerably increased
                  | reservoir of magic. (+20% MP) [Jiyva's grace]
 15679 | Lair:1   | Gained mutation: You have a greatly increased reservoir of
                  | magic. (+30% MP) [Jiyva's grace]
 16623 | Lair:2   | Reached skill level 1 in Air Magic
 16694 | Lair:2   | Found a staircase to the Snake Pit.
 16794 | Lair:2   | Found a staircase to the Shoals.
 16838 | Lair:2   | Reached XP level 14. HP: 116/116 MP: 30/30
 17306 | Lair:3   | Identified the +4 mace of the Nine Places {flame, rElec
                  | rPois Will+ Str-5}
 17392 | Lair:3   | Reached skill level 5 in Air Magic
 17513 | Lair:3   | Lost mutation: Your translucent skin slightly reduces your
                  | foes' accuracy. (Stealth+) [Jiyva's grace]
 17513 | Lair:3   | Lost mutation: You have a small jelly attached to you that
                  | may absorb projectiles. [Jiyva's grace]
 17513 | Lair:3   | Lost mutation: You passively dampen the noise of your
                  | surroundings. [Jiyva's grace]
 17513 | Lair:3   | Gained mutation: You are completely covered in iridescent
                  | scales. (AC +6) [Jiyva's grace]
 17513 | Lair:3   | Gained mutation: You have a small jelly attached to you
                  | that senses nearby items. [Jiyva's grace]
 17513 | Lair:3   | Gained mutation: You are strong-willed. (Will+) [Jiyva's
                  | grace]
 17513 | Lair:3   | Gained mutation: You are highly strong-willed. (Will++)
                  | [Jiyva's grace]
 18394 | Lair:5   | Noticed Snorg
 18394 | Lair:5   | Found a staircase to the Slime Pits.
 18401 | Lair:5   | Killed Snorg
 18703 | Lair:5   | Reached skill level 15 in Dodging
 19121 | Lair:5   | Reached skill level 16 in Dodging
 19618 | Lair:6   | Entered Level 6 of the Lair of Beasts
 19629 | Lair:6   | Reached XP level 15. HP: 126/126 MP: 31/31
 20034 | Lair:5   | Reached skill level 17 in Dodging
 20330 | Lair:6   | Lost mutation: You have a greatly increased reservoir of
                  | magic. (+30% MP) [Jiyva's grace]
 20330 | Lair:6   | Lost mutation: You are highly strong-willed. (Will++)
                  | [Jiyva's grace]
 20330 | Lair:6   | Lost mutation: You have a small jelly attached to you that
                  | senses nearby items. [Jiyva's grace]
 20330 | Lair:6   | Gained mutation: Armour fits poorly on your pseudopods.
                  | [Jiyva's grace]
 20330 | Lair:6   | Gained mutation: Armour fits poorly on your large
                  | pseudopods. [Jiyva's grace]
 20330 | Lair:6   | Gained mutation: Armour fits poorly on your massive
                  | pseudopods. [Jiyva's grace]
 20330 | Lair:6   | Gained mutation: You are somewhat resistant to further
                  | mutation. [Jiyva's grace]
 20467 | Lair:6   | Reached skill level 15 in Fighting
 20692 | Lair:6   | Noticed Josephine
 20925 | Lair:6   | Killed Josephine
 21499 | D:9      | Bought an embroidered cloak for 217 gold pieces
 21515 | D:9      | Learned a level 4 spell: Olgreb's Toxic Radiance
 21520 | D:9      | Learned a level 4 spell: Summon Lightning Spire
 21867 | D:14     | Reached skill level 1 in Summonings
 22279 | D:14     | Found a gate to the Vaults.
 22728 | D:14     | Reached skill level 5 in Summonings
 22976 | D:14     | Lost mutation: You have sharp fingernails. [Jiyva's grace]
 22976 | D:14     | Lost mutation: You are completely covered in iridescent
                  | scales. (AC +6) [Jiyva's grace]
 22976 | D:14     | Lost mutation: You are strong-willed. (Will+) [Jiyva's
                  | grace]
 22976 | D:14     | Lost mutation: Your body has grown many eyes which may
                  | confuse attackers. (Acc +5) [Jiyva's grace]
 22976 | D:14     | Lost mutation: Your body has grown eyes which may confuse
                  | attackers. (Acc +3) [Jiyva's grace]
 22976 | D:14     | Lost mutation: Armour fits poorly on your massive
                  | pseudopods. [Jiyva's grace]
 22976 | D:14     | Gained mutation: You have acidic saliva. [Jiyva's grace]
 22976 | D:14     | Gained mutation: Your muscles are strong. (Str +2) [Jiyva's
                  | grace]
 22976 | D:14     | Gained mutation: Your muscles are very strong. (Str +4)
                  | [Jiyva's grace]
 22976 | D:14     | Gained mutation: You have a small jelly attached to you
                  | that senses nearby items. [Jiyva's grace]
 23556 | D:15     | Entered Level 15 of the Dungeon
 23593 | D:15     | Reached XP level 16. HP: 104/136 MP: 24/30
 24256 | D:15     | Found a runed translucent door.
 24275 | D:15     | Noticed Cyetsa's ghost (adept FoFi)
 24275 | D:15     | Noticed a lich
 24752 | D:15     | Found a runed translucent door.
 25129 | D:15     | Found a staircase to the Depths.
 25135 | D:15     | Learned a level 3 spell: Mephitic Cloud
 25138 | D:15     | Learned a level 2 spell: Blink
 25503 | Snake:1  | Entered Level 1 of the Snake Pit
 25577 | D:12     | Bought a scroll of enchant armour for 105 gold pieces
 25668 | Snake:1  | Noticed Donald
 25669 | Snake:1  | Noticed Frances
 25686 | Snake:1  | Killed Donald
 25708 | Lair:2   | Killed Frances
 26006 | Snake:1  | Noticed Aizul
 26024 | Snake:1  | Killed Aizul
 26234 | Snake:1  | Noticed Louise
 26274 | Snake:1  | Cast into level 3 of the Abyss (Louise)
 26274 | Abyss:3  | Found a corrupted altar of Lugonu.
 26442 | Abyss:3  | Killed from afar by a vampire mage

Illustrated notes

Levels and vault maps discovered:
D:1:      dpeg_arrival_arbitrary_c, layout_rooms,
          hellmonk_ecumenical_altar_slurped_away, serial_shops,
          nicolae_lakefront_shop, nicolae_shop_statue_plus, shop_statue,
          nicolae_diamond_shop, st_stairs_6, kennysheep_another_room,
          minivault_23
D:2:      layout_rooms, minmay_misc_feat_tiny
D:3:      layout_basic, uniq_sigmund, uniq_grinder, uniq_terence
D:4:      layout_gridville, uniq_blork_the_orc, uniq_robin
D:5:      layout_cave_pools, marbit_many_paths, minmay_temple_entry_fiery,
          serial_park, serial_park_gazebo [serial_park_minivault_5x5_5],
          serial_park_square1 [serial_park_minivault_5x5_6]
D:6:      layout_cave_pools, mainiacjoe_overflow_catch_the_wave
D:7:      layout_cave_pods, mainiacjoe_overflow_chevrons, uniq_maggie
D:8:      layout_basic, serial_shops, nicolae_square_shop
D:9:      minmay_chambers_of_sevens, layout_gridville, orc_0_dummy,
          serial_shops, shop, statue_in_the_mist_lemuel
D:10:     layout_roguey, gammafunk_temple_overflow_claw, okawaru_humans,
          minmay_increasing_density
D:11:     layout_loops_corners, lair_entry_dummy, uniq_lodul
D:12:     layout_layer_cave, serial_shops, shop, minmay_misc_feat_x,
          minmay_misc_feat_rugged, minmay_misc_feat_encased, minmay_st_funbox
D:13:     layout_loops_ring
D:14:     layout_gridville, david_vaults_1, bh_walls_and_bars
D:15:     gammafunk_enter_depths_forms, layout_basic,
          hangedman_decor_diamond_cutter, muffindrake_ghost_dual_entry
Lair:1:   layout_loops_ring, serial_bayou, serial_bayou_lagoon_b,
          serial_bayou_shore_a, serial_bayou_shore_b, serial_bayou_crossing,
          minmay_shattered_shrine, infiniplex_staircase_pool
Lair:2:   layout_misc_corridors, elwin_shoals_entry_rooms,
          guppyfry_snake_entry_garden
Lair:3:   layout_hall_layers, grunt_forest_small_clearing_treed,
          grunt_megastairs_1
Lair:4:   layout_concentric_octagons
Lair:5:   onia_ninara_swampy_vault, layout_small_grid, dpeg_slime_entry_corner,
          uniq_snorg
Lair:6:   minmay_lair_end_frog_pond, layout_regular_city, uniq_josephine
Snake:1:  layout_rooms, ebering_ghost_reflecting_pool, uniq_louise,
          uniq_frances, uniq_aizul, uniq_donald
Abyss:3:  base: D:13, hangedman_grunt_abyss_rune_horror_hoard,
          hangedman_grunt_abyss_rune_horror_hoard, minivault_20

Skill      XL: |  1  2  3  4  5  6  7  8  9 10 11 12 13 14 15 16 |
---------------+-------------------------------------------------+-----
Polearms       | 3 4 5 7 8 9 11 14 16 | 16.3
Dodging        | 4 9 12 14 16 17 | 17.8
Fighting       | 5 8 11 12 14 15 | 15.5
Armour         | 5 |  5.8
Spellcasting   | 6 |  6.3
Poison Magic   | 7 9 |  9.4
Air Magic      | 2 6 |  6.8
Summonings     | 7 9 |  9.1
Shields        | |  3.0

Action                   |  1- 3 |  4- 6 |  7- 9 | 10-12 | 13-15 | 16-18 || total
-------------------------+-------+-------+-------+-------+-------+-------++-------
Melee: Trident           |   142 |   161 |   324 |   534 |  1384 |   194 ||  2739
       Tailslap          |       |       |       |       |    41 |       ||    41
       Pseudopods        |       |       |       |       |    98 |    50 ||   148
       Bite              |       |       |       |       |     8 |    36 ||    44
Throw: Boomerang         |       |       |       |       |    48 |       ||    48
       Dart              |       |       |       |       |    40 |       ||    40
 Cast: Poisonous Vapours |       |       |       |       |   123 |     1 ||   124
       Summon Lightning  |       |       |       |       |    14 |    23 ||    37
       Olgreb's Toxic Ra |       |       |       |       |     4 |    21 ||    25
       Mephitic Cloud    |       |       |       |       |       |     1 ||     1
Invok: Oozemancy         |       |       |     8 |    13 |    21 |     5 ||    47
Evoke: Wand              |       |     6 |       |    15 |       |       ||    21
  Use: Scroll            |     5 |     7 |     2 |     7 |    12 |     3 ||    36
       Potion            |       |     3 |       |     1 |     3 |     3 ||    10
 Stab: Paralysed         |       |     4 |       |       |       |       ||     4
       Sleeping          |       |       |       |     2 |     4 |       ||     6
       Confused          |       |       |       |    12 |    55 |       ||    67
       Distracted        |       |       |       |       |     6 |     5 ||    11
Armor: Scale mail        |    63 |    63 |    52 |       |       |       ||   178
       Swamp dragon scal |       |       |    27 |    73 |       |       ||   100
       Ring mail         |       |       |       |     8 |   259 |    91 ||   358
Dodge: Dodged            |    85 |    72 |   191 |   311 |  1196 |   278 ||  2133
Block: Buckler           |    30 |    37 |    47 |    78 |   267 |    63 ||   522

Table legend: (Time is in decaauts)
 A = Elapsed time spent in this place.
 B = Non-inter-level travel time spent in this place.
 C = Inter-level travel time spent in this place.
 D = Time resting spent in this place.
 E = Time spent auto-exploring this place.
 F = Levels seen in this place.
 G = Mean time per level.
                   A        B        C        D        E       F      G
               +--------+--------+--------+--------+--------+-----+--------+
         Total |  25480 |  23419 |   2061 |   4837 |  12071 |  23 | 1107.8 |
       Dungeon |  18796 |  17011 |   1785 |   4097 |   8648 |  15 | 1253.1 |
          Lair |   6111 |   5836 |    275 |    710 |   3208 |   6 | 1018.5 |
     Snake Pit |    418 |    418 |      0 |     30 |    215 |   1 |  418.0 |
         Abyss |    154 |    154 |      0 |      0 |      0 |   1 |  154.0 |
               +--------+--------+--------+--------+--------+-----+--------+

Top non-repeatable levels by time:
    D:15: 1779 daAuts
    D:12: 1726 daAuts
    D:13: 1634 daAuts
    D:11: 1563 daAuts
    D:14: 1503 daAuts
     D:3: 1489 daAuts
     D:4: 1386 daAuts
  Lair:6: 1380 daAuts
     D:1: 1369 daAuts
  Lair:5: 1355 daAuts
     D:9: 1294 daAuts
  Lair:1: 1268 daAuts
    D:10: 1240 daAuts
     D:8: 1110 daAuts
     D:7: 881 daAuts
